 Dungeon Crawl Stone Soup version 0.29-a0-314-gb00dd7cb4b (webtiles) character file.

Game seed: 3375555535872802877

16 Ijustatesigmund the Firebug (level 2, 0/17 HPs)
             Began as a Gargoyle Wanderer on Mar 29, 2022.
             Slain by a jackal (1 damage)
             ... on level 1 of the Dungeon.
             The game lasted 00:01:33 (385 turns).

Ijustatesigmund the Firebug (Gargoyle Wanderer)      Turns: 385, Time: 00:01:34

Health: 0/17       AC:  5    Str: 12    XL:     2   Next: 54%
Magic:  1/6        EV: 11    Int: 15    God:
Gold:   15         SH:  0    Dex:  9    Spells: 6/7 levels left

rFire   . . .      SeeInvis .   a - +0 club
rCold   . . .      Faith    .   (no shield)
rNeg    + . .      Spirit   .   c - +0 robe
rPois   ∞          Reflect  .   (no helmet)
rElec   +          Harm     .   (no cloak)
rCorr   .          Rampage  .   d - +0 pair of gloves
Will    .....                   (no boots)
Stlth   +.........              (no amulet)
HPRegen 0.05/turn               (no ring)
MPRegen 0.10/turn               (no ring)

@: no status effects
A: sickness immunity, AC +2, negative energy resistance 1, electricity
resistance, torment resistance 1, petrification resistance
a: no special abilities


You were on level 1 of the Dungeon.
You visited 1 branch of the dungeon, and saw 2 of its levels.

You collected 15 gold pieces.

Inventory:

Hand Weapons
 a - a +0 club (weapon)
Armour
 c - a +0 robe (worn)
 d - a +0 pair of gloves (worn)
Scrolls
 b - a scroll of blinking
Potions
 e - a potion of degeneration {unknown}


   Skills:
 + Level 1.7 Fighting
 * Level 1.6 Maces & Flails
 - Level 1.1 Armour
 - Level 1.0 Dodging
 - Level 1.1 Stealth
 - Level 3.0 Spellcasting
 - Level 3.0 Fire Magic


You had 6 spell levels left.
You knew the following spells:

 Your Spells              Type           Power      Damage    Failure   Level
a - Foxfire               Conj/Fire      24%        2x1d5     11%         1

Your spell library contained the following spells:

 Spells                   Type           Power      Damage    Failure   Level
 Scorch                   Fire           22%        2d6       9%          2
 Animate Skeleton         Necr           4%         N/A       21%         1
 Apportation              Tloc           4%         N/A       21%         1
 Pain                     Necr           8%         1d4       21%         1
 Summon Small Mammal      Summ           8%         N/A       21%         1
 Conjure Flame            Conj/Fire      6%         6-21      32%         3
 Vampiric Draining        Necr           2%         2d6       52%         3


Dungeon Overview and Level Annotations

Branches:
Dungeon (2/15)

Altars:

Annotations:
D:2 Sigmund


Innate Abilities, Weirdness & Mutations

You are immune to sickness and miasma.
Your stone body is resilient. (AC +2)
You are immune to poison.
You resist negative energy. (rN+)
You are resistant to electric shocks. (rElec)
You are resistant to unholy torment.
You are immune to petrification.


Message History

The quokka bites you but does no damage.
The quokka misses you.
You hit the quokka.
The quokka is severely wounded.
The quokka closely misses you.
You hit the quokka.
You kill the quokka!
The jackal bites you but does no damage.
You barely miss the jackal.
The jackal bites you but does no damage.
The jackal barely misses you. The jackal completely misses you.
The jackal closely misses you.
Things that are here:
a +0 flail; a gnoll corpse You barely miss the jackal.
The jackal bites you but does no damage.
The jackal closely misses you.
The jackal bites you but does no damage.
You barely miss the jackal. The jackal barely misses you.
The jackal bites you but does no damage. x2
You barely miss the jackal.
The jackal bites you but does no damage.
The jackal bites you.
* * * LOW HITPOINT WARNING * * *
The jackal bites you.
* * * LOW HITPOINT WARNING * * *
The jackal bites you.
* * * LOW HITPOINT WARNING * * *
Casting: Foxfire (safe; 11% risk of failure)
Confirm with . or Enter, or press ? or * to list all spells.
You miscast Foxfire.
You are very lightly contaminated with residual magic.
Nothing appears to happen.
The jackal barely misses you.
The jackal bites you but does no damage.
The jackal misses you.
It was a potion of cancellation.
You feel magically purged.
Your magical contamination has completely faded away.
The jackal bites you but does no damage.
The jackal bites you.
You die...

####.......#...#.....†
...#.......#...#...##♣
#.#.......#.....♣♣#.)
#.≈≈≈≈...##.#.#.♣÷#..
#....≈...##.#.#.♣♣#..
#.≈≈≈≈...##.#.#.♣♣###
#.#......##.#...♣♣PPP
..##.h......##..♣♣♣PP
#@#########...♣♣.. #h#
#.>..♣♣P ... ####..♣♣
..... #######...♣
......# #..........
.......# #..........
.....)..# #..........
########## #..........
#..........


You could see 2 jackals.

Vanquished Creatures
  A gnoll (D:1)
  A giant cockroach (D:2)
  A goblin (D:1)
  A quokka (D:1)
  A frilled lizard (D:1)
  A kobold (D:1)
  A rat (D:1)
7 creatures vanquished.

Vanquished Creatures (others)
  11 foxfires (D:1)
11 creatures vanquished.

Grand Total: 18 creatures vanquished

Notes
Turn   | Place    | Note
-------+----------+-------------------------------------------
     0 | D:1      | Ijustatesigmund the Gargoyle Wanderer began the quest for
                  | the Orb.
     0 | D:1      | Ijustatesigmund set off with the following items: a +0
                  | club, a scroll of blinking, a +0 robe, a +0 pair of gloves;
                  | and the following spells available to memorise: Scorch,
                  | Foxfire, Pain, Conjure Flame, Vampiric Draining
     0 | D:1      | Reached XP level 1. HP: 12/12 MP: 4/4
     2 | D:1      | Learned a level 1 spell: Foxfire
    51 | D:1      | You fall into a shaft and drop 1 floor!
    52 | D:2      | Noticed Sigmund
   322 | D:1      | Found a faded altar of an unknown god.
   375 | D:1      | Reached skill level 1 in Maces & Flails
   375 | D:1      | Reached XP level 2. HP: 7/17 MP: 1/6
   385 | D:1      | Slain by a jackal

Illustrated notes

Levels and vault maps discovered:
D:1:      amcnicky_arrival_choice, layout_basic,
          dilly_ecumenical_altar_fadedgnrine, chequers_serial_rivers_micro_d
D:2:      layout_basic, serial_shops, nicolae_shop_advertising_works
          [nicolae_subvault_shop_adworks], roderic_lattice_a,
          hangedman_decor_push, uniq_sigmund, uniq_terence, uniq_natasha,
          uniq_robin

Skill      XL: |  1 |
---------------+----+-----
Maces & Flails | 1 |  1.6
Fighting       | |  1.7
Armour         | |  1.1
Dodging        | |  1.0
Stealth        | |  1.1
Spellcasting   | |  3.0
Fire Magic     | |  3.0

Action                   || total
-------------------------++-------
Melee: Club              ||    22
 Cast: Foxfire           ||     7
  Use: Scroll            ||     1
       Potion            ||     1
Armor: Robe              ||    17
Dodge: Dodged            ||    22

Table legend: (Time is in decaauts)
 A = Elapsed time spent in this place.
 B = Non-inter-level travel time spent in this place.
 C = Inter-level travel time spent in this place.
 D = Time resting spent in this place.
 E = Time spent auto-exploring this place.
 F = Levels seen in this place.
 G = Mean time per level.
                   A        B        C        D        E       F      G
               +--------+--------+--------+--------+--------+-----+--------+
         Total |    391 |    391 |      0 |      0 |    255 |   2 |  195.5 |
       Dungeon |    391 |    391 |      0 |      0 |    255 |   2 |  195.5 |
               +--------+--------+--------+--------+--------+-----+--------+

Top non-repeatable levels by time:
     D:1: 301 daAuts
     D:2: 89 daAuts
